Map: Oceanborn LE

Players

GoOdy - Winner!

  • Race: Terran Terran
  • League: Grandmaster
  • Spawn Location: 11:00

Alluton

  • Race: Protoss Protoss
  • League: Grandmaster
  • Spawn Location: 5:00

VOD

Have the link to the VOD?

Description

Time

  • Played on: March 23, 2024, 3:46 p.m.
  • Length: 14:15
Show
View Real Time Build Order
Export as new Build Order

GoOdy Terran - Winner!

Build Orders: Cyclone Opening, Reaper Expand, Mech 

Get SALT Encoding   

  12  0:00  SCV  
  13  0:12  SCV  
  14  0:17  Supply Depot  
  14  0:24  SCV  
  15  0:38  SCV  
  15  0:39  Barracks  
  16  0:43  Refinery  
  16  0:50  SCV  
  16  0:55  Supply Depot  
  17  1:02  SCV  
  18  1:15  SCV  
  19  1:27  Reaper, Orbital Command  
  20  1:46  Command Center  
  20  1:53  SCV  
  21  1:58  Marine  
  22  2:06  SCV  
  22  2:07  Factory  
  23  2:12  Refinery  
  23  2:16  Marine  
  23  2:18  SCV  
  25  2:31  SCV  
  25  2:34  Marine  
  27  2:43  SCV  
  28  2:50  Cyclone  
  30  2:52  Starport, Marine  
  30  2:58  SCV  
  32  3:10  SCV  
  32  3:22  Cyclone  
  32  3:23  Orbital Command  
  32  3:25  Bunker  
  34  3:29  SCV  
  34  3:31  Viking  
  37  3:41  SCV  
  38  3:42  Engineering Bay  
  38  3:49  Barracks Reactor, SCV  
  38  3:53  SCV  
  38  3:55  Supply Depot  
  39  3:58  Factory Tech Lab  
  39  4:01  SCV  
  40  4:04  Supply Depot  
  40  4:05  Viking, SCV  
  43  4:13  SCV  
  43  4:14  Missile Turret  
  44  4:17  SCV  
  44  4:18  Siege Tank  
  48  4:25  SCV  
  48  4:26  Missile Turret  
  48  4:29  SCV  
  48  4:31  Refinery  
  50  4:35  Viking  
  50  4:37  SCV  
  53  4:41  SCV  
  54  4:50  Siege Tank, Supply Depot, SCV  
  58  4:57  SCV  
  59  5:02  SCV  
  59  5:04  Refinery  
  59  5:05  Marine x2  
  59  5:06  Missile Turret  
  62  5:12  SCV  
  63  5:14  Supply Depot  
  63  5:15  Supply Depot  
  63  5:20  SCV  
  62  5:23  Siege Tank  
  62  5:24  SCV  
  66  5:30  Command Center  
  66  5:35  SCV  
  67  5:36  SCV  
  68  5:44  Viking  
  68  5:46  Viking  
  68  5:47  SCV  
  68  5:49  SCV  
  74  5:51  Barracks Reactor  
  74  5:56  Missile Turret  
  74  5:58  Siege Tank  
  74  5:59  SCV  
  74  6:01  SCV  
  74  6:11  SCV  
  74  6:14  SCV  
  76  6:23  SCV  
  77  6:26  SCV  
  77  6:30  Siege Tank  
  81  6:36  SCV  
  81  6:38  SCV  
  83  6:43  Factory  
  83  6:45  Orbital Command  
  83  6:48  Factory  
  83  6:49  Factory  
  83  6:54  Barracks Reactor  
  83  6:56  Viking x2  
  83  6:59  Infernal Pre-Igniter  
  83  7:00  SCV x2  
  89  7:10  Siege Tank, Missile Turret  
  89  7:12  SCV  
  89  7:13  SCV  
  89  7:15  Missile Turret, Armory  
  93  7:26  SCV x2  
  93  7:28  Armory  
  93  7:29  Orbital Command  
  95  7:32  Sensor Tower  
  95  7:38  Hellion x2, SCV x2  
  101  8:02  Missile Turret  
  101  8:09  Terran Vehicle Weapons Level 1  
  101  8:13  Supply Depot  
  101  8:15  Terran Vehicle And Ship Armor Level 1  
  101  8:18  Refinery x2  
  101  8:24  Factory Tech Lab  
  101  8:25  Supply Depot  
  101  8:26  Supply Depot  
  101  8:27  Supply Depot  
  101  8:31  Hellion, SCV x2  
  101  8:35  Hellion x3, SCV  
  108  8:43  SCV  
  108  8:47  Siege Tank, SCV  
  113  8:53  Hellion  
  115  8:56  Hellion, Siege Tank, Command Center  
  120  9:09  Starport  
  120  9:10  Starport  
  120  9:14  Missile Turret  
  120  9:16  Medivac x2  
  124  9:19  Siege Tank  
  124  9:20  Hellion x3  
  133  9:25  Hellion, Supply Depot  
  133  9:29  Siege Tank, Supply Depot  
  133  9:30  Supply Depot  
  138  9:32  Supply Depot  
  138  9:50  Hellion x2  
  138  9:51  Hellion x2, Siege Tank, Starport Tech Lab x2  
  149  9:54  Supply Depot  
  149  9:55  Viking  
  149  9:56  Viking  
  153  10:06  Hyperflight Rotors  
  146  10:24  Siege Tank x2  
  146  10:25  Hellion x4  
  146  10:26  Banshee x2  
  146  10:27  Cloaking Field  
  162  10:32  Terran Vehicle Weapons Level 2  
  162  10:35  Terran Ship Weapons Level 1  
  162  10:47  Sensor Tower  
  162  10:59  Thor, Missile Turret  
  162  11:00  Hellion, Siege Tank  
  173  11:05  Planetary Fortress  
  173  11:15  Missile Turret  
  173  11:16  Missile Turret  
  172  11:20  Banshee x2  
  178  11:36  Missile Turret  
  178  11:38  Refinery  
  178  11:39  Hellion x3, Refinery, Missile Turret  
  178  11:58  Command Center  
  178  12:03  Banshee x2  
  178  12:06  Fusion Core  
  184  12:13  Siege Tank  
  184  12:14  Siege Tank  
  190  12:20  Command Center  
  190  12:22  Command Center  
  188  12:31  Viking x2  
  186  12:46  Banshee x2  
  188  13:02  Siege Tank  
  188  13:03  Hellion x2  
  194  13:05  Hellion x2  
  173  13:24  Hellion x2  
  181  13:27  Hellion x2  
  172  13:34  Siege Tank  
  166  13:45  Hellion x2  
  172  13:48  Hellion x2  
Show
View Real Time Build Order
Export as new Build Order

Alluton Protoss 

Build Orders: 1 Gate Expand, Phoenix Opening, Archon Immortal 

Get SALT Encoding   

  12  0:00  Probe  
  13  0:12  Probe  
  14  0:17  Pylon  
  14  0:24  Probe (Chrono Boost)  
  16  0:37  Probe (Chrono Boost)  
  16  0:38  Gateway  
  16  0:42  Probe (Chrono Boost)  
  16  0:48  Assimilator  
  17  0:52  Probe  
  18  1:04  Probe  
  19  1:16  Probe  
  20  1:25  Cybernetics Core  
  20  1:37  Nexus  
  20  1:44  Pylon  
  20  1:49  Assimilator  
  20  1:53  Probe  
  21  2:02  Adept (Chrono Boost)  
  21  2:05  Probe  
  24  2:17  Probe  
  24  2:19  Stargate  
  25  2:23  Adept (Chrono Boost)  
  25  2:29  Probe  
  28  2:32  Warp Gate  
  28  2:43  Probe (Chrono Boost)  
  29  2:50  Probe (Chrono Boost)  
  30  2:52  Adept  
  34  2:59  Probe x2 (Chrono Boost)  
  34  3:03  Phoenix  
  34  3:04  Probe (Chrono Boost)  
  37  3:05  Probe  
  38  3:16  Probe  
  38  3:17  Probe  
  40  3:27  Shield Battery  
  40  3:28  Probe, Phoenix (Chrono Boost)  
  40  3:29  Probe  
  40  3:32  Shield Battery  
  44  3:40  Probe  
  45  3:42  Probe  
  45  3:43  Pylon  
  46  3:56  Pylon  
  46  4:01  Phoenix, Probe (Chrono Boost), Robotics Facility  
  49  4:08  Probe (Chrono Boost), Assimilator  
  50  4:10  Assimilator  
  50  4:13  Probe (Chrono Boost)  
  50  4:17  Gateway  
  52  4:20  Pylon  
  52  4:21  Probe (Chrono Boost)  
  52  4:23  Probe (Chrono Boost)  
  53  4:26  Phoenix  
  53  4:27  Stalker  
  57  4:35  Probe (Chrono Boost)  
  57  4:37  Probe (Chrono Boost)  
  58  4:41  Pylon  
  58  4:44  Probe  
  60  4:48  Probe  
  60  4:51  Phoenix  
  63  4:53  Immortal (Chrono Boost)  
  63  4:58  Stalker  
  69  5:07  Gateway  
  69  5:18  Phoenix  
  69  5:21  Stalker x2  
  75  5:30  Pylon  
  75  5:34  Nexus  
  75  5:35  Observer  
  76  5:39  Shield Battery  
  76  5:43  Phoenix  
  76  5:48  Probe  
  79  5:52  Pylon  
  79  5:54  Immortal (Chrono Boost)  
  79  6:16  Stalker x2  
  79  6:18  Sentry  
  85  6:23  Immortal (Chrono Boost)  
  89  6:25  Probe  
  89  6:26  Probe  
  89  6:30  Pylon  
  89  6:31  Twilight Council  
  91  6:33  Forge  
  91  6:43  Stalker x2  
  93  6:48  Immortal (Chrono Boost)  
  97  6:54  Zealot  
  97  7:00  Pylon  
  99  7:13  Stalker x2  
  99  7:14  Zealot  
  99  7:15  Charge (Chrono Boost)  
  105  7:17  Immortal (Chrono Boost)  
  109  7:24  Protoss Ground Weapons Level 1 (Chrono Boost)  
  109  7:27  Templar Archives  
  109  7:30  Gateway  
  109  7:38  Gateway  
  109  7:40  Gateway  
  109  7:42  Gateway  
  109  7:48  Probe (Chrono Boost)  
  112  7:52  Probe x2 (Chrono Boost)  
  112  7:59  Probe (Chrono Boost)  
  112  8:02  Probe (Chrono Boost), Pylon  
  112  8:03  Probe (Chrono Boost)  
  115  8:08  Probe (Chrono Boost)  
  115  8:11  Probe (Chrono Boost)  
  115  8:12  Nexus  
  118  8:17  Probe (Chrono Boost)  
  118  8:18  Probe (Chrono Boost), Pylon  
  118  8:19  Probe (Chrono Boost)  
  120  8:24  Probe  
  120  8:26  Probe  
  116  8:39  Probe (Chrono Boost)  
  119  8:42  Probe (Chrono Boost)  
  119  8:43  Probe (Chrono Boost)  
  119  8:49  Assimilator  
  119  8:52  Assimilator  
  119  8:55  Probe (Chrono Boost)  
  121  8:56  Probe (Chrono Boost)  
  121  8:57  Probe (Chrono Boost)  
  122  9:03  Immortal  
  122  9:07  Zealot  
  122  9:09  Probe (Chrono Boost)  
  129  9:11  Probe (Chrono Boost)  
  129  9:13  High Templar x2  
  129  9:14  High Templar x3  
  140  9:17  Archon x2  
  140  9:20  Pylon x2  
  140  9:21  Protoss Ground Weapons Level 2 (Chrono Boost)  
  140  9:25  High Templar  
  140  9:28  Gateway x2  
  140  9:29  Archon  
  140  9:30  Probe x3 (Chrono Boost), Gateway x2  
  145  9:38  Probe x2 (Chrono Boost)  
  147  9:42  Immortal, Robotics Facility  
  147  9:43  Photon Cannon  
  147  9:44  Probe x2  
  153  9:46  Robotics Bay  
  153  9:48  Photon Cannon  
  153  9:53  Photon Cannon  
  153  9:54  Probe  
  153  9:57  Photon Cannon  
  153  9:59  Blink  
  154  10:13  Stalker  
  154  10:14  Stalker x3  
  151  10:18  Probe (Chrono Boost)  
  151  10:21  Probe (Chrono Boost)  
  151  10:26  Probe (Chrono Boost)  
  151  10:27  Probe (Chrono Boost), Zealot x4  
  161  10:30  High Templar  
  161  10:31  High Templar x2  
  161  10:32  Probe (Chrono Boost)  
  161  10:33  Probe (Chrono Boost)  
  161  10:34  Probe (Chrono Boost)  
  161  10:35  Probe (Chrono Boost)  
  170  10:37  Archon, Photon Cannon  
  170  10:39  High Templar  
  172  10:44  Archon  
  172  10:47  Pylon  
  172  10:49  Pylon  
  172  10:55  Probe x2  
  172  10:57  Gravitic Drive (Chrono Boost)  
  172  11:05  Warp Prism (Chrono Boost)  
  172  11:08  Pylon  
  172  11:11  Nexus  
  170  11:16  Disruptor (Chrono Boost)  
  165  11:18  Probe x2  
  165  11:19  Probe x2  
  172  11:30  Probe x2  
  172  11:31  Assimilator  
  174  11:33  Pylon, Disruptor (Chrono Boost)  
  174  11:34  Assimilator  
  174  11:35  Shield Battery  
  174  11:36  Probe x2  
  174  11:37  Protoss Ground Weapons Level 3 (Chrono Boost)  
  180  11:40  Photon Cannon  
  180  11:43  Photon Cannon  
  180  11:45  Shield Battery  
  180  11:47  Disruptor  
  184  11:58  Stargate  
  184  12:01  Stargate  
  184  12:04  Assimilator  
  184  12:06  Assimilator, Disruptor  
  184  12:08  Fleet Beacon  
  188  12:12  Protoss Air Weapons Level 1 (Chrono Boost)  
  188  12:22  Photon Cannon  
  188  12:23  Disruptor  
  182  12:56  Zealot x8  
  182  12:57  Zealot x3  
  181  13:08  Observer x2 (Chrono Boost)  
  163  13:18  Stalker  
  163  13:19  Stalker x8  
  171  13:20  Stalker x2  
  171  13:26  Probe x4  
  135  13:38  Immortal (Chrono Boost)  
  128  13:44  Zealot x5  
  128  13:48  Stalker x2  
  127  13:49  Zealot x4  
  125  14:07  Zealot x5  
Tags
 
Add a new tag
Caveats
  • Supply blocks, unpowered buildings, or Contaminate may cause inaccurate times.
  • Supply counts are checked every 10 seconds.